 Dungeon Crawl Stone Soup version 0.29-a0-559-g359e09b (webtiles) character file.

Game seed: 12631206361294948969

12387 BingusPrime the Fighter (level 11, 0/95 HPs)
             Began as a Palentonga Fighter on June 10, 2022.
             Was a Plaything of Xom.
             Slain by a two-headed ogre
             ... wielding a +0 giant club
              (10 damage)
             ... on level 10 of the Dungeon.
             The game lasted 01:10:25 (10210 turns).

BingusPrime the Fighter (Palentonga Fighter)       Turns: 10210, Time: 01:10:26

Health: 0/95       AC: 16    Str: 24    XL:     11   Next: 61%
Magic:  11/11      EV:  8    Int: 15    God:    Xom [.*....]
Gold:   641        SH: 10    Dex:  9    Spells: 10/10 levels left

rFire   . . .      SeeInvis +   l - +9 spear of True Grit {vorpal, Stlth+}
rCold   . . .      Faith    .   c - +0 buckler
rNeg    . . .      Spirit   .   b - +0 scale mail
rPois   +          Reflect  +   (no helmet)
rElec   .          Harm     .   (no cloak)
rCorr   .          Rampage  .   (no gloves)
Will    .....                   (no barding)
Stlth   +.........              q - amulet of reflection
HPRegen 0.25/turn               p - +6 ring of intelligence
MPRegen 0.12/turn               h - ring of flight

@: brilliant, about to teleport, flying, invisible, curled up
A: large, rugged brown scales 3, see invisible, deformed body, roll 1, armoured
tail, reflexive curl, iridescent scales 1, mutation resistance 1, poison
resistance, MP-powered wands
a: Rolling Charge, Renounce Religion


You were on level 10 of the Dungeon.
You worshipped Xom.
You were a plaything of Xom.
You visited 1 branch of the dungeon, and saw 10 of its levels.
You also visited: Sewer and Bailey.

You collected 641 gold pieces.

Inventory:

Hand Weapons
 a - a +1 war axe
 l - the +9 spear of True Grit (weapon) {vorpal, Stlth+}
   (You found it on level 2 of the Dungeon)

   It inflicts extra damage upon your enemies.
   Stlth:     It makes you more stealthy.
Missiles
 e - 286 stones (quivered)
 L - a throwing net
Armour
 b - a +0 scale mail (worn)
 c - a +0 buckler (worn)
 M - an orb of energy
Jewellery
 h - a ring of flight (right hand)
 p - a +6 ring of intelligence (left hand)
 q - an amulet of reflection (around neck)
 H - the ring "Onwo" {Will- EV+4 Dex+6}
   (You found it on level 8 of the Dungeon)

   [ring of evasion]

   EV:        It affects your evasion (+4).
   Dex:       It affects your dexterity (+6).
   Will:      It decreases your willpower.
Wands
 w - a wand of acid (7)
 A - a wand of digging (3)
 D - a wand of flame (30)
Scrolls
 f - 3 scrolls of enchant weapon
 i - 5 scrolls of fear {unknown}
 j - 2 scrolls of magic mapping {unknown}
 k - a scroll of immolation {unknown}
 n - 6 scrolls of teleportation
 o - 10 scrolls of identify
 s - a scroll of poison {unknown}
 u - 4 scrolls of enchant armour {unknown}
 x - a scroll of brand weapon {unknown}
 y - a scroll of blinking {unknown}
 C - a scroll of summoning {unknown}
 E - 2 scrolls of noise {unknown}
 F - a scroll of fog {unknown}
 I - 2 scrolls of vulnerability {unknown}
 K - a scroll of amnesia {unknown}
Potions
 d - 2 potions of might
 g - 2 potions of haste
 r - a potion of magic
 t - a potion of brilliance
 G - 2 potions of curing
 J - 2 potions of lignification {unknown}
Miscellaneous
 z - a piece from Xom's chessboard (15/15)
 B - a box of beasts


   Skills:
 * Level 9.3 Fighting
 - Level 2.5(6.8) Axes
 * Level 9.2(9.3) Polearms
 + Level 5.4 Throwing
 + Level 7.0 Armour
 - Level 2.2 Dodging
 - Level 1.7 Stealth
 + Level 6.7 Shields


You had 10 spell levels left.
You didn't know any spells.
Your spell library contained the following spells:

 Spells                   Type           Power      Damage    Failure   Level
 Beastly Appendage        Tmut           0%         N/A       58%         1
 Magic Dart               Conj           0%         1d3       58%         1
 Necrotize                Necr           0%         1d4       58%         1
 Wereblood                Tmut           0%         N/A       73%         2
 Gell's Gravitas          Tloc           0%         N/A       91%         3
 Lesser Beckoning         Tloc           0%         N/A       91%         3
 Spider Form              Tmut/Pois      0%         N/A       91%         3
 Teleport Other           Tloc           0%         N/A       91%         3
 Vampiric Draining        Necr           0%         2d6       91%         3
 Passage of Golubria      Tloc           0%         N/A       100%        4
 Agony                    Necr           0%         N/A       100%        5
 Silence                  Hex/Air        0%         N/A       100%        5
 Lehudib's Crystal Spear  Conj/Erth      0%         10d2      100%        8


Dungeon Overview and Level Annotations

Branches:
Dungeon (10/15)            Temple (0/1) D:5            Lair (0/6) D:9
    Orc (0/2) D:9           Sewer (visited)          Bailey (visited)

Altars:
Gozag
Kikubaaqudgha
Okawaru
Sif Muna
Vehumet
Xom
Yredelemnul
Zin
The Shining One

Shops:
D:1 [

Annotations:
D:3 1 runed translucent door, Caerwyn's ghost, amateur DsVM
D:7 3 runed translucent doors, Radamante's ghost, novice DsAK
D:10 Joseph


Innate Abilities, Weirdness & Mutations

You are completely covered in rugged brown scales. (AC +3, +7% HP)
You have supernaturally acute eyesight. (SInv)
Armour fits poorly on your strangely shaped body.
You can roll at nearby foes to attack.
You have a long armoured tail.
You curl defensively after being hit. (AC +7*)
You are partially covered in iridescent scales. (AC +2)
You are somewhat resistant to further mutation.
Your system is resistant to poisons. (rPois)
You expend magic power (3 MP) to strengthen your wands.


Message History

The orc misses the orc wizard.
The orc wizard casts a spell at you.
The puff of flame hits Joseph but does no damage.
Xom is highly amused!
Joseph shouts!
The orc hits the orc wizard with a +2 mace of protection!
The orc barely misses the orc wizard.
The orc hits the orc wizard with a +2 mace of protection.
The orc wizard dies!
It was a potion of brilliance.
You feel clever all of a sudden.
The orc closely misses Joseph.
Joseph shoots a sling bullet.
The sling bullet barely misses the two-headed ogre.
The sling bullet barely misses you.
The orc barely misses Joseph.
It was a potion of curing.
You feel better.
Xom thinks this is hilarious!
The orc barely misses Joseph.
The orc shouts!
Joseph unwields a +0 hunting sling.
Joseph wields a +2 quarterstaff of draining.
You sense an unholy aura.
Joseph hits the orc with a +2 quarterstaff of draining!
The orc dies! "Boo!"
Joseph unwields a +2 quarterstaff of draining.
Joseph wields a +0 hunting sling.
Joseph shoots a sling bullet.
The sling bullet hits you!!
* * * LOW HITPOINT WARNING * * *
Okay, then.
As you read the scroll labelled HYRAOKK ZUOSK, it crumbles to dust.
It is a scroll of identify.
n - 7 scrolls of teleportation You block the two-headed ogre's attack. x2
Joseph says, "I'm here to kill trespassers.
I like my job."
As you read the scroll of teleportation, it crumbles to dust.
You feel strangely unstable.
Joseph shoots a sling bullet.
The sling bullet hits the two-headed ogre.
The two-headed ogre hits you with a +0 giant club!
You die...
Xom cackles wildly!

##............ ####
##........... ##......(#
##..# ###..#######
#......((# ##...## #.##
#........ #.....# ##.#
#.......# ##.....# #..#
#......(###......# #..#
#.....).##.......# ###..#
#...)o.##.....@.###...##
##..#.##.....O.........#
#.....#..........#####..#
##....)).@.....### #.#
###...###.....# #.# #.###
##....# ..# #.# ######
..# ..# #.# #.##


You could see Joseph (can't see you) and a two-headed ogre (can't see you).

Vanquished Creatures
  3 two-headed ogres
  Erica (D:10)
  Maurice (D:8)
  A kobold demonologist (D:8)
  A hornet (D:9)
  19 yaks
  Eustachio (D:4)
  A shadow (D:9)
  A hog (D:8)
  2 steam dragons
  An acid dragon (D:9)
  2 water moccasins (D:7)
  Duvessa (D:7)
  4 orc warriors
  An ice beast (D:7)
  2 black bears
  4 centaurs
  8 wolves (Bailey)
  A phantom (D:6)
  A kobold brigand (D:9)
  5 bullfrogs
  6 gnoll sergeants (Bailey)
  A necrophage (D:7)
  A scorpion (D:4)
  4 wights (D:9)
  Dowan (D:7)
  3 killer bees (D:6)
  2 howler monkeys
  A crimson imp (D:5)
  5 hounds
  3 jellies
  6 gnoll shamans (Bailey)
  3 iguanas
  12 orc wizards
  18 gnolls
  14 adders
  7 river rats (Sewer)
  A white imp (D:5)
  2 ufetubi
  2 worms (D:2)
  4 dart slugs
  33 orcs
  3 bats
  7 endoplasms
  6 giant cockroaches
  11 goblins
  3 hobgoblins
  6 quokkas
  13 ball pythons
  5 frilled lizards
  12 kobolds
  22 rats
278 creatures vanquished.

Vanquished Creatures (collateral kills)
  An orange demon (D:8)
  A wyvern (D:9)
  2 yaks (D:10)
  Edmund (D:4)
  A bullfrog (D:8)
  A jelly (D:4)
  3 orc wizards
  An adder (D:4)
  4 orcs
  An endoplasm (D:4)
  2 jackals (D:4)
  A quokka (D:4)
19 creatures vanquished.

Vanquished Creatures (others)
  An orc (D:10)
  2 plants (D:8)
3 creatures vanquished.

Grand Total: 300 creatures vanquished

Notes
Turn   | Place    | Note
-------+----------+-------------------------------------------
     0 | D:1      | BingusPrime the Palentonga Fighter began the quest for the
                  | Orb.
     0 | D:1      | Reached XP level 1. HP: 19/19 MP: 1/1
   212 | D:1      | Found Esuhuor's Antique Armour Shop.
   238 | D:1      | Reached XP level 2. HP: 20/25 MP: 2/2
  1057 | D:2      | Identified the +9 spear of True Grit {vorpal, Stlth+}
  1066 | D:2      | Reached XP level 3. HP: 26/31 MP: 3/3
  1833 | D:3      | Found a runed translucent door.
  1837 | D:3      | Noticed Caerwyn's ghost (amateur DsVM)
  1852 | D:3      | Reached XP level 4. HP: 36/37 MP: 4/4
  2048 | D:3      | Reached skill level 1 in Polearms
  2211 | D:3      | Found a glowing drain.
  2232 | Sewer    | Entered a sewer
  2251 | Sewer    | Reached XP level 5. HP: 43/43 MP: 5/5
  2330 | Sewer    | Reached skill level 1 in Dodging
  2490 | Sewer    | Reached skill level 1 in Throwing
  2597 | Sewer    | Reached XP level 6. HP: 50/50 MP: 6/6
  2604 | Sewer    | HP: 2/50 [bullfrog (2)]
  2996 | D:3      | Found a shimmering altar of Xom.
  3089 | D:3      | Became a worshipper of Xom of Bone-Dry Humour
  3182 | D:3      | Found a glowing silver altar of Zin.
  3229 | D:4      | XOM: potion effect (berserk rage)
  3251 | D:4      | Noticed Eustachio
  3265 | D:4      | Gained mutation: You curl defensively after being hit. (AC
                  | +7*) [Palentonga growth]
  3265 | D:4      | Reached XP level 7. HP: 55/56 MP: 7/7
  3276 | D:4      | Killed Eustachio
  3438 | D:4      | XOM: 1-stop teleportation journey
  3629 | D:4      | Noticed Edmund
  3644 | D:4      | Killed Edmund
  3785 | D:4      | XOM: god gift: 18 gold pieces
  3872 | D:5      | Entered Level 5 of the Dungeon
  3876 | D:5      | Found a staircase to the Ecumenical Temple.
  3877 | D:5      | XOM: cloud trail
  3956 | D:5      | Found a basalt altar of Yredelemnul.
  4038 | D:5      | Reached XP level 8. HP: 64/64 MP: 8/8
  4335 | D:5      | XOM: god gift: 3 datura-tipped darts
  4347 | D:5      | XOM: give mutation
  4347 | D:5      | Gained mutation: You expend magic power (3 MP) to
                  | strengthen your wands. [Xom's grace]
  4348 | D:5      | Reached skill level 1 in Stealth
  4368 | D:5      | Found an opulent altar of Gozag.
  4709 | D:6      | XOM: scenery: create altars
  4921 | D:6      | Reached skill level 5 in Polearms
  4921 | D:6      | Reached skill level 5 in Armour
  4925 | D:6      | Found an iron altar of Okawaru.
  5037 | D:6      | XOM: scenery: summon butterflies
  5081 | D:6      | XOM: scenery: create altars
  5264 | D:6      | XOM: cleaving
  5282 | D:6      | XOM: enchant monster (good)
  5294 | D:6      | Reached XP level 9. HP: 49/71 MP: 9/9
  5444 | D:6      | Reached skill level 5 in Fighting
  5597 | D:7      | XOM: scenery: create altars
  5860 | D:7      | Found a runed translucent gate.
  5860 | D:7      | Found a runed translucent gate.
  5860 | D:7      | Found a runed translucent gate.
  5860 | D:7      | XOM: 8-stop teleportation journey
  5874 | D:7      | XOM: fake destruction
  5877 | D:7      | XOM: give mutations
  5877 | D:7      | Gained mutation: You are partially covered in iridescent
                  | scales. (AC +2) [Xom's grace]
  5877 | D:7      | Gained mutation: Your system is resistant to poisons.
                  | (rPois) [Xom's grace]
  5877 | D:7      | Gained mutation: You are somewhat resistant to further
                  | mutation. [Xom's grace]
  6074 | D:7      | XOM: smoke on damage
  6103 | D:7      | Noticed Radamante's ghost (novice DsAK)
  6108 | D:7      | Identified the +7 whip "Oteifesch" {vorpal, *Corrode MP+9
                  | Str+2 Dex+7 Stlth+}
  6124 | D:7      | XOM: scenery: 1 doors close
  6144 | D:7      | Noticed Dowan
  6145 | D:7      | Noticed Duvessa
  6151 | D:7      | Killed Dowan
  6161 | D:7      | Killed Duvessa
  6788 | D:8      | Found a shimmering blue altar of Sif Muna.
  6799 | D:8      | Found an ancient bone altar of Kikubaaqudgha.
  6811 | D:8      | XOM: 1-stop teleportation journey
  6862 | D:8      | XOM: cloud trail
  6900 | D:8      | Noticed Amaemon
  6900 | D:8      | Noticed Amaemon
  6900 | D:8      | Amaemon changed into Amaemon the hog
  6900 | D:8      | XOM: polymorph Amaemon -> Amaemon the hog
  6900 | D:8      | Noticed an orange demon
  6903 | D:8      | XOM: summons 7 friendly demons
  6907 | D:8      | Killed Amaemon the hog
  6920 | D:8      | Killed an orange demon
  6921 | D:8      | Reached skill level 5 in Shields
  6961 | D:8      | XOM: blink monster(s)
  6975 | D:8      | XOM: potion effect (invisibility)
  6978 | D:8      | Reached XP level 10. HP: 50/82 MP: 10/10
  6997 | D:8      | XOM: divination: magic mapping
  7016 | D:8      | Noticed an orange demon
  7018 | D:8      | XOM: confuse monster(s)
  7347 | D:8      | Found a radiant altar of Vehumet.
  7364 | D:8      | XOM: potion effect (brilliance)
  7373 | D:8      | Got Vehumet's Volume of Combat Magic
  7425 | D:8      | Noticed Maurice
  7430 | D:8      | XOM: enchant monster (bad)
  7448 | D:8      | Killed Maurice
  7451 | D:8      | Noticed a two-headed ogre
  7456 | D:8      | XOM: confuse monster(s)
  7460 | D:8      | Killed a two-headed ogre
  7544 | D:8      | XOM: silly message
  7627 | D:8      | XOM: confuse monster(s)
  7648 | D:8      | Identified the ring "Onwo" {Will- EV+4 Dex+6}
  7662 | D:8      | XOM: divination: magic mapping
  7733 | D:8      | Found a glowing golden altar of the Shining One.
  7831 | D:9      | Noticed a two-headed ogre
  7831 | D:9      | Noticed a two-headed ogre
  7841 | D:8      | Killed a two-headed ogre
  8011 | D:9      | XOM: divination: detect items
  8016 | D:9      | Found a staircase to the Lair.
  8183 | D:9      | Found a staircase to the Orcish Mines.
  8321 | D:9      | XOM: 7-stop teleportation journey
  8333 | D:9      | XOM: cast spell 'Alistair's Intoxication'
  8343 | D:9      | XOM: potion effect (heal wounds)
  8345 | D:9      | Reached XP level 11. HP: 92/92 MP: 11/11
  8378 | D:9      | XOM: smoke on damage
  8853 | D:9      | Killed a two-headed ogre
  8854 | D:9      | Reached skill level 5 in Throwing
  8952 | D:10     | Entered Level 10 of the Dungeon
  8957 | D:9      | XOM: summons friendly crimson imp
  8967 | D:10     | XOM: confuse monster(s)
  8971 | D:10     | XOM: silly message
  9049 | D:10     | XOM: god gift: scroll of enchant weapon
  9100 | D:10     | Noticed Erica
  9141 | D:10     | Killed Erica
  9296 | D:10     | Found a flagged portal.
  9316 | Bailey   | Entered a bailey
  9493 | Bailey   | XOM: noise
  9559 | Bailey   | XOM: noise
  9810 | Bailey   | Identified the +6 hand crossbow "Dudoutow" {venom, *Corrode
                  | Fragile +Blink rElec rPois Dex+3}
  9810 | Bailey   | XOM: 2-stop teleportation journey
  9815 | Bailey   | XOM: summons 4 friendly demons
 10095 | D:10     | XOM: silly message
 10096 | D:10     | XOM: scenery: summon butterflies
 10112 | D:10     | XOM: cast spell 'Summon Horrible Things'
 10179 | D:10     | Noticed Joseph
 10181 | D:10     | Noticed a two-headed ogre
 10183 | D:10     | XOM: enchant monster (good)
 10207 | D:10     | XOM: noise
 10210 | D:10     | Slain by a two-headed ogre

Illustrated notes

Levels and vault maps discovered:
D:1:      scummos_arrival_checkerplants, layout_loops_ring, serial_shops, shop,
          minmay_misc_feat_iff
D:2:      layout_basic
D:3:      layout_loops_ring, xom_teletrap_fun, zin_academy,
          gup_sewer_entry_pipe, gammafunk_ghost_grave, minmay_misc_feat_cross
D:4:      layout_rooms, ebering_ghost_disaster_area, uniq_edmund, uniq_eustachio
D:5:      layout_basic, grunt_gozag_breadcrumbs, lemuel_doored_altar,
          minmay_temple_entry_gardened_gates, minmay_fire_ice_demons
D:6:      layout_loops_ring, okawaru_metal_pillars_3
D:7:      layout_basic, gammafunk_ghost_icy, uniq_duvessa
D:8:      layout_basic, palyth_temple_overflow_mages, tso_oasis_becter,
          uniq_amaemon, uniq_maurice
D:9:      layout_gridville, lair_entry_dummy, david_orc_3
D:10:     layout_cave_pods, enter_bailey_4, uniq_maggie, uniq_erica, uniq_joseph

Skill      XL: |  1  2  3  4  5  6  7  8  9 10 11 |
---------------+----------------------------------+-----
Shields        | 3 4 5 6 |  6.7
Polearms       | 1 2 3 5 6 8 9 |  9.2
Armour         | 3 4 5 6 7 |  7.0
Dodging        | 1 2 |  2.2
Throwing       | 1 2 3 4 5 |  5.4
Fighting       | 4 6 8 9 |  9.3
Stealth        | 1 |  1.7
Axes           | |  2.5

Action                   |  1- 3 |  4- 6 |  7- 9 | 10-12 || total
-------------------------+-------+-------+-------+-------++-------
Melee: War axe           |    65 |       |       |       ||    65
       Tailslap          |     2 |     6 |    20 |    28 ||    56
       Spear             |    46 |   126 |   208 |   341 ||   721
       Unarmed           |       |       |       |    13 ||    13
Throw: Stone             |    26 |    72 |    33 |     7 ||   138
       Boomerang         |       |       |    63 |   128 ||   191
       Dart              |       |       |       |     3 ||     3
 Abil: Rolling Charge    |     5 |       |     2 |       ||     7
Evoke: Wand              |       |       |     4 |     2 ||     6
  Use: Potion            |       |     4 |     9 |    10 ||    23
       Scroll            |       |       |     1 |     2 ||     3
 Stab: Petrified         |       |       |     4 |       ||     4
       Paralysed         |       |       |     4 |       ||     4
       Sleeping          |       |       |     2 |     1 ||     3
       Invisible         |       |       |       |     4 ||     4
Armor: Scale mail        |    59 |    32 |    40 |    65 ||   196
Dodge: Dodged            |    36 |    33 |    39 |    86 ||   194
Block: Buckler           |    27 |    19 |    71 |   120 ||   237
       Reflection        |       |       |     5 |    10 ||    15

Table legend: (Time is in decaauts)
 A = Elapsed time spent in this place.
 B = Non-inter-level travel time spent in this place.
 C = Inter-level travel time spent in this place.
 D = Time resting spent in this place.
 E = Time spent auto-exploring this place.
 F = Levels seen in this place.
 G = Mean time per level.
                   A        B        C        D        E       F      G
               +--------+--------+--------+--------+--------+-----+--------+
         Total |  10193 |   5271 |   4922 |   2580 |    212 |  12 |  849.4 |
       Dungeon |   8840 |   3918 |   4922 |   2080 |    212 |  10 |  884.0 |
         Sewer |    639 |    639 |      0 |    204 |      0 |   1 |  639.0 |
        Bailey |    714 |    714 |      0 |    296 |      0 |   1 |  714.0 |
               +--------+--------+--------+--------+--------+-----+--------+

Top non-repeatable levels by time:
     D:7: 1238 daAuts
     D:8: 1100 daAuts
     D:1: 1075 daAuts
     D:9: 1010 daAuts
     D:6: 944 daAuts
     D:3: 846 daAuts
     D:2: 731 daAuts
     D:5: 729 daAuts
  Bailey: 714 daAuts
     D:4: 668 daAuts
   Sewer: 639 daAuts
    D:10: 493 daAuts
